 Dungeon Crawl Stone Soup version 0.30.0-15-g856e2d3f33 (webtiles) character file.

Game seed: 17730804414568107291

277 RascalDebosk the Magician (level 6, 0/45 HPs)
             Began as a Djinni Conjurer on May 19, 2023.
             Slain by a rat (1 damage)
             ... in a sewer.
             The game lasted 00:19:20 (1980 turns).

RascalDebosk the Magician (Djinni Conjurer)         Turns: 1980, Time: 00:19:20

Health: 0/45       AC:  2    Str:  6    XL:     6   Next: 51%
Gold:   122        EV: 12    Int: 22    God:
                   SH:  0    Dex: 11

rFire   + + .        s - +0 dagger
rCold   x . .        (no shield)
rNeg    . . .        a - +0 robe
rPois   ∞            (no helmet)
rElec   .            (no cloak)
rCorr   .            (no gloves)
SInv    .            (boots unavailable)
Will    .....        (no amulet)
Stlth   ++           (no ring)
HPRegen 0.27/turn    (no ring)
MPRegen 0.00/turn

%: infuse magic (-1 HP)
@: flying
A: sickness immunity, fire resistance 2, cold vulnerability 1, float, innate
caster, HP casting, extra vitality 1
a: no special abilities


You were in a sewer.
You visited 1 branch of the dungeon, and saw 4 of its levels.
You also visited: Sewer.

You collected 122 gold pieces.

Inventory:

Hand Weapons
 s - a +0 dagger (weapon)
Armour
 a - a +0 robe (worn)
Jewellery
 p - a ring of ice
Wands
 q - a wand of flame (17)
Scrolls
 c - a scroll of acquirement {unknown}
 d - a scroll of enchant weapon {unknown}
 e - a scroll of torment {unknown}
 f - a scroll of immolation {unknown}
 g - 3 scrolls of magic mapping {unknown}
 j - a scroll of vulnerability {unknown}
 k - 4 scrolls of teleportation {unknown}
 n - a scroll of poison {unknown}
 o - a scroll of fog {unknown}
Potions
 b - a potion of lignification {unknown}
 h - 4 potions of might {unknown}
 i - a potion of magic {unknown}
 l - 3 potions of degeneration {unknown}
 m - a potion of curing {unknown}


   Skills:
 * Level 2.4 Fighting
 + Level 1.3 Short Blades
 + Level 1.3 Armour
 - Level 2.1 Dodging
 - Level 1.5 Stealth
 * Level 4.9 Spellcasting


You knew the following spells:

 Your Spells              Type           Power      Damage    Failure   Level
a - Magic Dart            Conj           100%       1d8       1%          1
b - Searing Ray           Conj           54%        2d6       1%          2
c - Dazzling Flash        Conj/Hex       54%        N/A       4%          3
d - Fulminant Prism       Conj/Hex       13%        3d9       13%         4
e - Iskenderun's Mystic   Conj/Tloc      27%        2d7       13%         4
f - Freeze                Ice            100%       1d10      1%          1
g - Scorch                Fire           54%        2d7       1%          2
Your spell library was empty.

Dungeon Overview and Level Annotations

Branches:
Dungeon (6/15)              Sewer (1/1)
 Temple: D:4-7

Altars:
Qazlal

Shops:
D:6 (


Innate Abilities, Weirdness & Mutations

You are immune to sickness and miasma.
You are immune to poison.
Your flesh is very heat resistant. (rF++)
You are vulnerable to cold. (rC-)
You float through the air rather than walking.
You learn spells naturally, not from books.
Your magical power is your life essence.
You have superior vitality. (+4 MHP)


Message History

The adder is knocked back by the mystic blast.
A rat comes into view.
Casting: Iskenderun's Mystic Blast (quite dangerous; 14% risk of failure)
Confirm with . or Enter, or press ? or * to list all spells.
The spell is quite dangerous to miscast (14% risk of failure)!
Continue anyway?
Aiming: Fulminant Prism (quite dangerous; 14% risk of failure)
Press: ? - help, Dir - move target You conjure a prism of explosive energy!
* * * LOW HITPOINT WARNING * * *
A fulminant prism comes into view.
A frilled lizard comes into view.
A rat comes into view.
Casting: Fulminant Prism (quite dangerous; 14% risk of failure)
Confirm with . or Enter, or press ? or * to list all spells.
The spell is quite dangerous to miscast (14% risk of failure)!
Continue anyway?
You erupt in a blast of force!
The mystic blast hits the rat!
You kill the rat!
The mystic blast hits the adder!
You kill the adder!
The mystic blast hits the river rat!
The river rat is almost dead.
The river rat is knocked back by the mystic blast.
The river rat collides with your fulminant prism!
Your fulminant prism is heavily damaged.
You kill the river rat!
* * * LOW HITPOINT WARNING * * *
You hear an angry hiss. x2
A rat comes into view.
A ball python comes into view.
The frilled lizard bites your fulminant prism.
Your fulminant prism crackles loudly.
A rat comes into view.
The frilled lizard bites your fulminant prism but does no damage.
Your fulminant prism explodes!
The blast of energy engulfs the frilled lizard!
You kill the frilled lizard!
The blast of energy engulfs the ball python!!
You kill the ball python!
The blast of energy engulfs the adder!
You kill the adder!
The blast of energy engulfs the river rat!
You kill the river rat!
The blast of energy engulfs the rat!!
You kill the rat!
You hear a shout!
Your magical contamination has completely faded away.
A kobold comes into view. It is wielding a +0 club.
The kobold shouts!
The frilled lizard unfolds its giant frill.
Casting: Iskenderun's Mystic Blast (quite dangerous; 13% risk of failure)
Confirm with . or Enter, or press ? or * to list all spells.
Aiming: Magic Dart (safe; 1% risk of failure)
Press: ? - help, Shift-Dir - straight line, f - frilled lizard
Aim: a frilled lizard (100% to hit)
The magic dart hits the frilled lizard.
You kill the frilled lizard!
* * * LOW HITPOINT WARNING * * *
Casting: Magic Dart (safe; 1% risk of failure)
Confirm with . or Enter, or press ? or * to list all spells.
Aiming: Magic Dart (safe; 1% risk of failure)
Press: ? - help, Shift-Dir - straight line, f - rat
Aim: a rat (100% to hit)
The magic dart hits the rat.
You kill the rat!
* * * LOW HITPOINT WARNING * * *
An adder comes into view.
A rat comes into view.
Casting: Magic Dart (safe; 1% risk of failure)
Confirm with . or Enter, or press ? or * to list all spells.
The spell is quite dangerous to miscast (13% risk of failure)!
Continue anyway?
You erupt in a blast of force!
The mystic blast hits the river rat.
The river rat is lightly wounded.
The river rat is knocked back by the mystic blast.
* * * LOW HITPOINT WARNING * * *
Casting: Iskenderun's Mystic Blast (quite dangerous; 13% risk of failure)
Confirm with . or Enter, or press ? or * to list all spells.
Aiming: Magic Dart (safe; 1% risk of failure)
Press: ? - help, Shift-Dir - straight line, f - rat
Aim: a rat (100% to hit)
The magic dart hits the rat.
You kill the rat!
* * * LOW HITPOINT WARNING * * *
A rat comes into view.
Casting: Magic Dart (safe; 1% risk of failure)
Confirm with . or Enter, or press ? or * to list all spells.
Aiming: Magic Dart (safe; 1% risk of failure)
Press: ? - help, Shift-Dir - straight line, f - kobold
Aim: a kobold, wielding a +0 club (100% to hit)
The magic dart hits the kobold!
You kill the kobold!
* * * LOW HITPOINT WARNING * * *
A rat comes into view.
The adder bites you.
* * * LOW HITPOINT WARNING * * *
The river rat bites you.
* * * LOW HITPOINT WARNING * * *
The rat twitches its whiskers.
You hit the adder.
The adder is lightly wounded.
The adder bites you.
* * * LOW HITPOINT WARNING * * *
The rat bites you.
You die...

≈≈≈~~~~~≈~≈~≈~~~
≈≈≈≈≈≈≈~~~~~≈≈~≈≈≈
≈≈≈~≈~~~~.~.~.~≈≈≈≈
≈≈≈~~.~..†....~≈≈~≈
~....~..†..r....~~.
.~.....†††.........
.....)..†r..r......
.......S@r.r†.....#
........##.......#
......#####..##...
#...# ###..## ###
#∩..## #####


You could see an adder, a river rat and 4 rats.

Vanquished Creatures
  An ice beast (D:6)
  Robin (D:2)
  7 adders
  4 river rats (Sewer)
  A worm (D:3)
  7 ball pythons
  An endoplasm (D:3)
  2 giant cockroaches
  10 goblins
  3 hobgoblins
  7 jackals
  5 kobolds
  A quokka (D:2)
  2 bats (D:1)
  4 frilled lizards
  29 rats
85 creatures vanquished.

Vanquished Creatures (others)
  3 fulminant prisms
3 creatures vanquished.

Grand Total: 88 creatures vanquished

Notes
Turn   | Place    | Note
-------+----------+-------------------------------------------
     0 | D:1      | RascalDebosk the Djinni Conjurer began the quest for the
                  | Orb.
     0 | D:1      | RascalDebosk set off with the following spells memorised:
                  | Magic Dart, Searing Ray, Dazzling Flash, Fulminant Prism,
                  | Iskenderun's Mystic Blast.
     0 | D:1      | Reached XP level 1. HP: 15/15 MP: 0/0
   277 | D:1      | Reached XP level 2. HP: 18/21 MP: 0/0
  1061 | D:2      | Found a stormy altar of Qazlal.
  1067 | D:2      | Reached skill level 4 in Spellcasting
  1067 | D:2      | Reached XP level 3. HP: 21/25 MP: 0/0
  1067 | D:2      | Learned a level 1 spell: Freeze
  1148 | D:2      | Reached XP level 4. HP: 20/31 MP: 0/0
  1324 | D:2      | Noticed Robin
  1328 | D:2      | Killed Robin
  1591 | D:2      | Reached XP level 5. HP: 36/36 MP: 0/0
  1591 | D:2      | Learned a level 2 spell: Scorch
  1740 | D:3      | Reached skill level 1 in Fighting
  1766 | D:3      | You are sucked into a shaft and drop 3 floors!
  1789 | D:6      | Noticed an ice beast
  1790 | D:6      | Found Jiwuwn's Weapon Shop.
  1798 | D:6      | Killed an ice beast
  1799 | D:6      | Reached skill level 1 in Short Blades
  1799 | D:6      | Reached skill level 1 in Armour
  1799 | D:6      | Reached XP level 6. HP: 10/43 MP: 0/0
  1940 | D:6      | Found a glowing drain.
  1949 | Sewer    | Entered a sewer
  1979 | Sewer    | HP: 2/45 [river rat (5)]
  1980 | Sewer    | Slain by a rat

Illustrated notes

Levels and vault maps discovered:
D:1:      erik_arrival_triangle_small, layout_basic, serial_forest,
          infiniplex_forest_straight_5, infiniplex_forest_fountain,
          infiniplex_forest_straight_2, infiniplex_forest_end_3,
          infiniplex_forest_lined_3_way, infiniplex_forest_split,
          infiniplex_forest_lined_2, infiniplex_forest_straight_2,
          infiniplex_forest_clump_C, infiniplex_forest_end_3
D:2:      layout_rooms, basic_altar, minmay_rat_hole, uniq_robin
D:3:      layout_basic, nicolae_tso_swordbearing_angel,
          ebering_ghost_inner_flame
D:6:      layout_basic, nicolae_ru_the_path_less_chosen, serial_shops,
          nicolae_shop_bloodbath_and_beyond, portal_sewer_entry_d,
          kennysheep_flooded_box, minmay_manual_mail, uniq_prince_ribbit1
Sewer:    sewer_minmay_treatment

Skill      XL: |  1  2  3  4  5 |
---------------+----------------+-----
Spellcasting   | 4 |  4.9
Fighting       | 2 |  2.4
Short Blades   | 1 |  1.3
Armour         | 1 |  1.3
Dodging        | |  2.1
Stealth        | |  1.5

Action                     |  1- 3 |  4- 6 || total
---------------------------+-------+-------++-------
  Melee: Dagger            |       |     1 ||     1
   Cast: Magic Dart        |    45 |    72 ||   117
         Searing Ray       |     1 |     5 ||     6
         Fulminant Prism   |       |     3 ||     3
         Iskenderun's Myst |       |     4 ||     4
 Armour: Robe              |       |     1 ||     1
  Dodge: Dodged            |     3 |     3 ||     6
